[Event "Tradewise Gibraltar Masters"]
[Site "Gibraltar"]
[Date "2013.01.23"]
[Round "2.8"]
[White "Teran Alvarez, Ismael"]
[Black "Short, Nigel"]
[Result "1-0"]
[ECO "C11"]
[WhiteElo "2399"]
[BlackElo "2690"]
[Annotator "Saunders,John"]
[PlyCount "63"]
[EventDate "2013.01.22"]
[EventType "swiss"]
[EventRounds "10"]
[EventCountry "ENG"]
[TimeControl "6600+995"]

1. e4 e6 2. d4 d5 3. Nc3 Nf6 4. e5 Nfd7 5. f4 c5 6. Nf3 Qb6 7. Be3 a6 ({
Taking on b2 is not a great idea:} 7... Qxb2 $2 8. Nb5 Na6 9. Bd2 {
and the black queen's escape route has been cut off.}) 8. a3 Qa7 (8... Qxb2 {
would be even worse here:} 9. Na4 {traps the queen.}) 9. Ne2 Nc6 10. c3 c4 {
A committal decision. The blocked position that ensues is not to every chess
player's taste. Perhaps we should mark it "to be played by GMs only".} 11. g4
b5 (11... h5 12. gxh5 Rxh5 13. Ng3 Rh8 {
was played in Kritz-Ulibin, Biel 2010, with White eventually winning.}) 12. Ng3
Nb6 13. Bg2 Na4 14. Qc2 Bd7 15. O-O h6 16. Rae1 O-O-O 17. f5 Kb8 18. Rf2 Bc8
19. Nh5 Qd7 20. Nh4 {[diag] Here some of us were hoping for 20...Na5, simply
for aesthetic reasons - four 'dim' knights on the rim could be a record. More
seriously, Black's position is starting to look creaky. White is calling all
the shots on the kingside, while Black's counterplay has so far failed to
materialise.} Rg8 21. Ref1 Qe8 22. h3 exf5 ({
'Pass' moves are no longer an option:} 22... Nb6 23. fxe6 Bxe6 24. Qh7 Be7 25.
Nf5 {puts major pressure on Black's kingside.}) 23. Nxf5 f6 (23... Bxf5 {
is probably better, but after} 24. Qxf5 g6 25. Qf4 $1 gxh5 26. e6+ Bd6 27. exf7
Bxf4 28. Bxf4+ Kc8 29. fxe8=Q Rgxe8 30. Bxh6 {
, Black is a pawn down and liable to be mauled by the white bishop pair.}) 24.
exf6 $1 Bxf5 ({If} 24... g6 25. f7 $1 Qxf7 26. Nxh6 {
is crushing. But the position is now utterly lost anyway.}) 25. Bf4+ Bd6 26.
Bxd6+ Rxd6 27. Qxf5 g6 28. Qf4 Qd8 29. f7 Rf8 30. Ng7 g5 31. Qg3 Ka7 32. Re1
1-0